 Dungeon Crawl Stone Soup version 0.29-a0-243-g602b31c20e (webtiles) character file.

Game seed: 7572427277141395454

907 spaghetti the Caller (level 7, -3/85 HPs)
             Began as a Demigod Fighter on Mar 4, 2022.
             Slain by an unseen horror (6 damage)
             ... on level 5 of the Dungeon.
             The game lasted 00:07:01 (4845 turns).

spaghetti the Caller (Demigod Fighter)              Turns: 4845, Time: 00:07:01

Health: -3/85      AC: 23    Str: 19    XL:     7   Next: 51%
Magic:  22/22      EV:  2    Int: 18    God:
Gold:   141        SH:  4    Dex: 13    Spells: 7/10 levels left

rFire   . . .      SeeInvis .   a - +3 falchion (spect) {long}
rCold   . . .      Faith    .   q - +0 buckler
rNeg    . . .      Spirit   .   (body armour currently unavailable)
rPois   +          Reflect  .   (helmet currently unavailable)
rElec   .          Harm     .   (cloak currently unavailable)
rCorr   .          Rampage  .   (gloves currently unavailable)
Will    .....      NoTele   +   (boots currently unavailable)
Stlth   +.........              (no amulet)
HPRegen 0.24/turn               g - ring of magical power
MPRegen 0.18/turn               (no ring)

@: tree-form, on berserk cooldown, slowed, very slow
A: stationary, stasis, torment immunity, boosted hp, high MP 1, forlorn, divine
attributes, strong 1
a: no special abilities


You were on level 5 of the Dungeon.
You were a tree.
You visited 1 branch of the dungeon, and saw 5 of its levels.
You also visited: Sewer.

You collected 267 gold pieces.
You spent 126 gold pieces at shops.


Innate Abilities, Weirdness & Mutations

You are a tree.
Your roots penetrate the ground, keeping you stationary.
You cannot be teleported.
You are immune to unholy pain and torment.
Your maximum health is greatly increased.
Your equipment is partially melded.
You have an increased reservoir of magic. (+10% MP)
You shall have no god before yourself.
Your divine heritage dramatically boosts your attributes as you level up.
Your muscles are strong. (Str +2)


   Skills:
 - Level 3.2 Fighting
 - Level 2.6 Armour
 - Level 2.6 Shields
 - Level 1.7 Unarmed Combat
 - Level 2.0 Spellcasting
 + Level 7.5 Summonings


You had 7 spell levels left.
You knew the following spells:

 Your Spells              Type           Power      Damage    Failure   Level
a - Call Canine Familiar  Summ           28%        N/A       3%          3

Your spell library contained the following spells:

 Spells                   Type           Power      Damage    Failure   Level
 Summon Small Mammal      Summ           100%       N/A       1%          1
 Summon Guardian Golem    Hex/Summ       15%        N/A       16%         3
 Corpse Rot               Necr/Air       2%         N/A       34%         2
 Poisonous Vapours        Pois/Air       2%         N/A       34%         2

Inventory:

Hand Weapons
 a - a +3 spectral falchion (weapon) {long}
   (You found it on level 2 of the Dungeon)
 b - a +1 hunting sling of freezing {sling}
   (You bought it in a shop on level 3 of the Dungeon)
Missiles
 f - 95 stones {throwing}
 h - 5 poisoned darts {throwing}
 k - 2 boomerangs {throwing}
 l - 3 datura-tipped darts {throwing}
Armour
 i - a +0 scale mail (melded)
 q - a +0 buckler (worn)
Jewellery
 g - a ring of magical power (left branch)
   (You found it on level 1 of the Dungeon)
 t - a ring of resist corrosion
   (You found it on level 4 of the Dungeon)
Scrolls
 e - 2 scrolls of noise {!r}
 s - a scroll of blinking {!r}
 u - a scroll of teleportation {@r4}
 v - a scroll of magic mapping {!r}
Potions
 j - 2 potions of mutation {!q}
 m - 2 potions of cancellation
 n - a potion of lignification {!q}

Dungeon Overview and Level Annotations

Branches:
Dungeon (5/15)              Sewer (visited)
 Temple: D:4-7

Shops:
D:3 ( D:4

( #..# .## ...##.
#..#.# #
....#######....
#. ...........#
#.#... #<.# ...##
##..#
###..###..##..
##....##).#.....#
#♣#..)#.)......##
#{(........#..##
#....?.......##
#.$..#>....#..#
##..###..####..#
##.# #.... ...
... ...... ##
.......##..#
..#### .# ..#


You could see a friendly +3 spectral falchion {long} (summoned).


Message History

You take 8 damage, and now have 11/57 hp.
Something hits you but does no damage. You block something's attack.
You miss something.
Something hits you but does no damage. x2
Something completely misses you. 😱 HP[+1]
You hit something. You block something's attack.
You swing at nothing.
Something hits you.
* * * LOW HITPOINT WARNING * * *
😱 HP[-6]
You take 6 damage, and now have 6/57 hp.
Really quaff
n - 2 potions of lignification {!q}?
Really quaff the potion of lignification?
You turn into a tree.
Your +0 scale mail melds into your body.
Your roots penetrate the ground.
Something hits you but does no damage. x2 😱 HP[+4]
You now have 85 max hp (+28).
You regained 4 hp, and now have 10/85 hp.
Okay, then.
Really quaff
d - a potion of berserk rage {!q}?
A red film seems to cover your vision as you go berserk!
You feel yourself moving faster!
You feel mighty!
Something hits you but does no damage. x2 😱 HP[+5]
You now have 127 max hp (+42).
You regained 5 hp, and now have 15/127 hp.
You cannot move.
You miss something. Something hits you.
* * * LOW HITPOINT WARNING * * *
😱 HP[-6]
You take 6 damage, and now have 9/127 hp.
You slash something! Something completely misses you.
You swing at nothing.
Something hits you but does no damage. 😱 HP[+1]
You swing at nothing.
You feel a strong urge to attack something.
You block something's attack.
You slash something! Something hits you but does no damage.
You closely miss something.
Something hits you but does no damage. 😱 HP[+1]
You swing at nothing.
Something hits you but does no damage.
You swing at nothing.
You feel a strong urge to attack something.
You are no longer berserk.
You are exhausted.
You feel yourself slow down. Something hits you.
* * * LOW HITPOINT WARNING * * *
😱 HP[-7]
You now have 85 max hp (-42).
Okay, then.
You aren't carrying any items that you can evoke.
Okay, then.
You swing at nothing.
Something hits you but does no damage. Something hits you.
* * * LOW HITPOINT WARNING * * *
😱 HP[-1]
You take 1 damage, and now have 3/85 hp.
You swing at nothing.
Something hits you but does no damage. x3
You swing at nothing.
Something hits you but does no damage. x2 😱 HP[+1]
You swing at nothing.
You block something's attack.
Something hits you but does no damage. x2
You swing at nothing.
Something hits you but does no damage. 😱 HP[+1]
You are too injured to fight recklessly!
You swing at nothing.
Something hits you but does no damage. You block something's attack.
You are too injured to fight recklessly!
You cannot move.
You swing at nothing.
Something hits you but does no damage. x2 😱 HP[+1]
You completely miss something.
Your +3 spectral falchion {long} hits something.
Something hits you but does no damage.
Something hits your +3 spectral falchion {long}.
Your spectral weapon shares its damage with you!
* * * LOW HITPOINT WARNING * * *
Something hits your +3 spectral falchion {long}!
Your spectral weapon shares its damage with you!
* * * LOW HITPOINT WARNING * * *
😱 HP[-5]
You take 5 damage, and now have 1/85 hp.
You swing at nothing.
You block something's attack.
Something hits you but does no damage. 😱 HP[+1]
You are too injured to fight recklessly!
You swing at nothing.
You block something's attack. Something hits you but does no damage.
Okay, then.
Okay, then.
You miss something.
Your +3 spectral falchion {long} hits something!
Something completely misses your +3 spectral falchion {long}.
Something hits you but does no damage. 😱 HP[+1]
You slash something!
Your +3 spectral falchion {long} hits something.
Something hits you.
You die...

Skill      XL: |  1  2  3  4  5  6  7 |
---------------+----------------------+-----
Fighting       | 3 |  3.2
Spellcasting   | 1 2 |  2.0
Summonings     | 2 3 5 6 7 |  7.5
Armour         | |  2.6
Shields        | |  2.6
Unarmed Combat | |  1.7

Action                   |  1- 3 |  4- 6 |  7- 9 || total
-------------------------+-------+-------+-------++-------
Melee: Unarmed           |    29 |       |       ||    29
       Falchion          |    74 |   113 |    20 ||   207
 Fire: Hunting sling     |       |    14 |       ||    14
 Cast: Call Canine Famil |       |     1 |       ||     1
  Use: Scroll            |     5 |     5 |       ||    10
       Potion            |     2 |     2 |     6 ||    10
Armor: Scale mail        |    39 |    44 |    12 ||    95
       Skin              |       |       |    24 ||    24
Dodge: Dodged            |    41 |    74 |     7 ||   122
Block: Buckler           |    24 |    23 |    14 ||    61

Levels and vault maps discovered:
D:1:      dpeg_arrival_brainrot, layout_basic
D:2:      layout_basic, dreamdust_ecumenical_altar_grove, serial_park_tiny_1,
          bh_walls_and_bars
D:3:      cheibrodos_helix_gallery, layout_loops_ring,
          grunt_temple_overflow_open, nicolae_overflow_ecumenical_swirl,
          amcnicky_altar_gilded, serial_shops, nicolae_shop_waterfront,
          corexii_hall_statues_x, uniq_jessica
D:4:      layout_basic, mainiacjoe_overflow_alcove_2, serial_shops,
          nicolae_shop_stone, cheibrodos_sewer_entry_sluice
D:5:      layout_layer_cave, kennysheep_mini_moat,
          minmay_temple_entry_offerings, grunt_decor_arrowhead, nicolae_sextant,
          minmay_manual_monstrance, uniq_edmund, uniq_eustachio,
          uniq_crazy_yiuf_cottage, uniq_blork_the_orc

Notes
Turn   | Place    | Note
-------+----------+-------------------------------------------
     0 | D:1      | spaghetti the Demigod Fighter began the quest for the Orb.
     0 | D:1      | Reached XP level 1. HP: 18/18 MP: 3/3
     0 | D:1      | magus.rc [v1.9.6]
   446 | D:1      | Reached skill level 3 in Fighting
   764 | D:2      | You pick up a book of Callings and begin reading...
   764 | D:2      | You add the spells Summon Small Mammal, Call Canine
                  | Familiar and Summon Guardian Golem to your library.
   867 | D:2      | Reached XP level 2. HP: 26/26 MP: 4/4
  1168 | D:2      | Reached skill level 1 in Spellcasting
  1339 | D:2      | Reached XP level 3. HP: 29/31 MP: 6/8
  1424 | D:2      | Learned a level 3 spell: Call Canine Familiar
  1509 | D:2      | You pick up a book of Vapours and begin reading...
  1509 | D:2      | You add the spells Poisonous Vapours and Corpse Rot to your
                  | library.
  1876 | D:1      | Gained mutation: You occasionally shout uncontrollably at
                  | your foes. [potion of mutation]
  1877 | D:1      | Lost mutation: You occasionally shout uncontrollably at
                  | your foes. [potion of mutation]
  1877 | D:1      | Gained mutation: Your muscles are strong. (Str +2) [potion
                  | of mutation]
  1916 | D:1      | Reached skill level 2 in Spellcasting
  2236 | D:3      | Reached skill level 1 in Summonings
  2441 | D:3      | Reached skill level 2 in Summonings
  2441 | D:3      | Reached XP level 4. HP: 38/38 MP: 9/9
  2479 | D:3      | Noticed Jessica
  2484 | D:3      | Killed Jessica
  2649 | D:3      | Found Xoussamo's Antique Weapon Shoppe.
  2659 | D:3      | Bought a runed hunting sling for 126 gold pieces
  3007 | D:4      | Reached skill level 3 in Summonings
  3007 | D:4      | Reached XP level 5. HP: 42/45 MP: 10/10
  3028 | D:4      | Found Jozuycw's Antique Weapon Shoppe.
  3173 | D:4      | Reached skill level 4 in Summonings
  3299 | D:4      | Found a glowing drain.
  3312 | Sewer    | Entered a sewer
  3669 | Sewer    | Reached skill level 5 in Summonings
  3669 | Sewer    | Reached XP level 6. HP: 20/51 MP: 11/11
  4525 | D:5      | Entered Level 5 of the Dungeon
  4527 | D:5      | Noticed Eustachio
  4530 | D:5      | Noticed Edmund
  4532 | D:5      | Reached skill level 6 in Summonings
  4537 | D:5      | HP: 15/76 [Edmund/+5 flail of draining (9)]
  4539 | D:5      | HP: 5/73 [Edmund/+5 flail of draining (5)]
  4540 | D:5      | Killed Edmund
  4541 | D:5      | Reached XP level 7. HP: 6/57 MP: 13/13
  4567 | D:5      | Killed Eustachio
  4568 | D:5      | Reached skill level 7 in Summonings
  4605 | D:5      | HP: 12/57 [scorpion (3)]
  4610 | D:5      | HP: 6/57 [poisoned by a scorpion]
  4819 | D:5      | HP: 11/57 [something (8)]
  4826 | D:5      | HP: 9/127 [something (6)]
  4833 | D:5      | HP: 4/85 [something (3)]
  4841 | D:5      | HP: 4/85 [something (2)]
  4841 | D:5      | HP: 1/85 [something (3)]
  4845 | D:5      | Slain by an unseen horror

Vanquished Creatures
  Eustachio (D:5)
  Edmund (D:5)
  An ogre (D:5)
  A phantom (D:4)
  2 bullfrogs (Sewer)
  2 scorpions
  A howler monkey (D:3)
  Jessica (D:3)
  2 iguanas (D:4)
  5 adders
  2 dart slugs (D:4)
  4 orcs
  10 bats
  9 endoplasms
  11 giant cockroaches
  6 goblins
  3 hobgoblins (D:4)
  A jackal (D:1)
  4 kobolds
  4 quokkas
  13 ball pythons
  8 frilled lizards
  3 rats
95 creatures vanquished.

Vanquished Creatures (others)
  3 fungi (D:2)
  3 plants (D:2)
6 creatures vanquished.

Grand Total: 101 creatures vanquished

Table legend:
 A = Non-vault XP
 B = Vault XP
 C = Vault XP percentage of total XP
 D = Non-vault monster count
 E = Vault monster count
 F = Vault count percentage of total count
                 A         B        C        D         E       F
            +---------+---------+-------+---------+---------+-------
      Total |     624 |     673 |  51.9 |      48 |      47 |  49.5
            +---------+---------+-------+---------+---------+-------
        D:1 |      16 |       2 |  11.1 |       9 |       1 |  10.0
        D:2 |      47 |       0 |   0.0 |      14 |       0 |   0.0
        D:3 |      75 |      42 |  35.9 |      12 |       3 |  20.0
        D:4 |     287 |       5 |   1.7 |      11 |       4 |  26.7
        D:5 |     199 |     355 |  64.1 |       2 |       2 |  50.0
      Sewer |       0 |     269 | 100.0 |       0 |      37 | 100.0
            +---------+---------+-------+---------+---------+-------

Illustrated notes

Table legend:
 A = Kills in this place as a percentage of kills in entire the game.
 B = Kills by you in this place as a percentage of kills by you in the entire game.
 C = Kills by friends in this place as a percentage of kills by friends in the entire game.
 D = Other kills in this place as a percentage of other kills in the entire game.
 E = Experience gained in this place as a percentage of experience gained in the entire game.
 F = Experience gained in this place divided by the number of levels of this place that you have seen.
                   A       B       C       D       E      F
               +-------+-------+-------+-------+-------+----------------------
         Total | 100.0 | 100.0 |   N/A |   N/A | 100.0 | 216.2
       Dungeon |  61.1 |  61.1 |   N/A |   N/A |  79.3 | 205.6
         Sewer |  38.9 |  38.9 |   N/A |   N/A |  20.7 | 269.0
               +-------+-------+-------+-------+-------+----------------------

Table legend: (Time is in decaauts)
 A = Elapsed time spent in this place.
 B = Non-inter-level travel time spent in this place.
 C = Inter-level travel time spent in this place.
 D = Time resting spent in this place.
 E = Time spent auto-exploring this place.
 F = Levels seen in this place.
 G = Mean time per level.
                   A        B        C        D        E       F      G
               +--------+--------+--------+--------+--------+-----+--------+
         Total |   4984 |   4733 |    251 |    949 |   3080 |   6 |  830.7 |
       Dungeon |   4237 |   3986 |    251 |    670 |   2810 |   5 |  847.4 |
         Sewer |    746 |    746 |      0 |    279 |    270 |   1 |  746.0 |
               +--------+--------+--------+--------+--------+-----+--------+

Top non-repeatable levels by time:
     D:1: 1160 daAuts
     D:2: 1034 daAuts
     D:4: 888 daAuts
     D:3: 822 daAuts
   Sewer: 746 daAuts
     D:5: 331 daAuts
